AZL
CHICAGO A (AZL) WHITE SOX @ CINCINNATI (AZL) REDS
09/16/2080
 
TOP OF THE 1ST
Chicago A (AZL) White Sox batting - Pitching for Cincinnati (AZL) Reds : RHP Angel Diaz
Pitching: RHP Angel Diaz
Batting: RHB Joop Kruithof 0-0: Foul Ball, location: 2F
0-1: Ball
1-1: Ball
2-1: Foul Ball, location: 2F
2-2: Strikes out swinging
Batting: RHB Alex Conchas 0-0: Ball
1-0: Called Strike
1-1: Foul Ball, location: 2F
1-2: Strikes out swinging, 2-3 out at first.
Batting: SHB Victor Jimenez 0-0: Ball
1-0: Called Strike
1-1: Swinging Strike
1-2: Strikes out looking
Top of the 1st over - 0 runs, 0 hits, 0 errors, 0 left on base; Chicago A (AZL) 0 - Cincinnati (AZL) 0
BOTTOM OF THE 1ST
Cincinnati (AZL) Reds batting - Pitching for Chicago A (AZL) White Sox : RHP Ben Clemons
Pitching: RHP Ben Clemons
Batting: RHB Jesus Blanco 0-0: Ball
1-0: Ball
2-0: Foul Ball, location: 2F
2-1: Ground out 4-3 (Groundball, 4, EV 81.9 MPH)
Batting: RHB Gerardo Herrera 0-0: Foul Ball, location: 2F
0-1: Ball
1-1: Fly out, F8 (Flyball, 89D, EV 103.8 MPH)
Batting: RHB Angelo Torres 0-0: Foul Ball, location: 2F
0-1: Ball
1-1: Foul Ball, location: 2F
1-2: Fly out, F8 (Flyball, 89M, EV 90.0 MPH)
Bottom of the 1st over - 0 runs, 0 hits, 0 errors, 0 left on base; Chicago A (AZL) 0 - Cincinnati (AZL) 0
TOP OF THE 2ND
Chicago A (AZL) White Sox batting - Pitching for Cincinnati (AZL) Reds : RHP Angel Diaz
Batting: LHB Steve Murphy 0-0: Ball
1-0: Called Strike
1-1: Ball
2-1: Ball
3-1: Base on Balls
Batting: RHB Gil Wozniak 0-0: Fly out, F9 (Flyball, 89M, EV 76.2 MPH)
Batting: LHB Mario Ortiz 0-0: Ball
1-0: Swinging Strike
1-1: Ball
2-1: Swinging Strike
2-2: Foul Ball, location: 2F
2-2: Ball
3-2: Fielders Choice at 2nd, 4-6 (Groundball, 34D, EV 91.2 MPH)
Batting: RHB Brian Rutter 0-0: Ball
1-0: SINGLE (Groundball, 6MD, EV 105.6 MPH)
Mario Ortiz to second
Runner from 2nd tries for 3rd, SAFE, no throw by CF
Batting: LHB Jon Maldonado 0-0: Foul Ball, location: 2F
0-1: Swinging Strike
0-2: Strikes out looking
Top of the 2nd over - 0 runs, 1 hit, 0 errors, 2 left on base; Chicago A (AZL) 0 - Cincinnati (AZL) 0
BOTTOM OF THE 2ND
Cincinnati (AZL) Reds batting - Pitching for Chicago A (AZL) White Sox : RHP Ben Clemons
Batting: LHB Oscar Rochez 0-0: Foul Ball, location: 2F
0-1: Called Strike
0-2: Foul Ball, location: 2F
0-2: Strikes out swinging
Batting: RHB Kevin Roberts 0-0: Called Strike
0-1: Ball
1-1: Ball
2-1: Swinging Strike
2-2: Ground out 6-3 (Groundball, 6, EV 88.8 MPH)
Batting: RHB Bryan Greenlee 0-0: Ball
1-0: SINGLE (Line Drive, 78S, EV 93.8 MPH)
Batting: RHB Luis Granados 0-0: DOUBLE (Groundball, 5L, EV 100.6 MPH)
Bryan Greenlee to third
Runner from 3rd tries for Home, SAFE, throw by LF to home
Batting: RHB Joe Giddens 0-0: Fly out, F9 (Line Drive, 9S, EV 101.9 MPH)
Bottom of the 2nd over - 1 run, 2 hits, 0 errors, 1 left on base; Chicago A (AZL) 0 - Cincinnati (AZL) 1
TOP OF THE 3RD
Chicago A (AZL) White Sox batting - Pitching for Cincinnati (AZL) Reds : RHP Angel Diaz
Batting: RHB Scott Fisher 0-0: Fly out, F6 (Line Drive, 6, EV 73.1 MPH)
Batting: RHB Joop Kruithof 0-0: Called Strike
0-1: Foul Ball, location: 2F
0-2: DOUBLE (Line Drive, 7LS, EV 105.6 MPH)
Batting: RHB Alex Conchas 0-0: Fly out, F7 (Flyball, 78M, EV 86.2 MPH)
Batting: SHB Victor Jimenez 0-0: Hit by Pitch
Pinch Runner at 1st Nick Ball:
Batting: LHB Steve Murphy 0-0: Ground out 6-3 (Groundball, 6MS, EV 69.4 MPH)
Top of the 3rd over - 0 runs, 1 hit, 0 errors, 2 left on base; Chicago A (AZL) 0 - Cincinnati (AZL) 1
BOTTOM OF THE 3RD
Cincinnati (AZL) Reds batting - Pitching for Chicago A (AZL) White Sox : RHP Ben Clemons
Now in CF: Nick Ball
Batting: RHB David Milanes 0-0: Called Strike
0-1: Ball
1-1: Ball
2-1: Fly out, F6 (Popup, 6M, EV 51.2 MPH)
Batting: RHB Jesus Blanco 0-0: Ball
1-0: Ground out 6-3 (Groundball, 56, EV 93.1 MPH)
Batting: RHB Gerardo Herrera 0-0: Fly out, F8 (Flyball, 8LD, EV 95.6 MPH)
Bottom of the 3rd over - 0 runs, 0 hits, 0 errors, 0 left on base; Chicago A (AZL) 0 - Cincinnati (AZL) 1
TOP OF THE 4TH
Chicago A (AZL) White Sox batting - Pitching for Cincinnati (AZL) Reds : RHP Angel Diaz
Batting: RHB Gil Wozniak 0-0: Foul Ball, location: 2F
0-1: Ground out 5-3 (Groundball, 56, EV 87.5 MPH)
Batting: LHB Mario Ortiz 0-0: Ball
1-0: Ball
2-0: Foul Ball, location: 2F
2-1: Foul Ball, location: 2F
2-2: Ball
3-2: SINGLE (Groundball, 56D, EV 103.8 MPH)
Batting: RHB Brian Rutter 0-0: Ball
1-0: Ball
2-0: Ball
Wild Pitch!
Mario Ortiz to second
3-0: Called Strike
3-1: Base on Balls
Batting: LHB Jon Maldonado 0-0: Called Strike
0-1: Foul Ball, location: 2F
0-2: Ball
1-2: Strikes out looking
Pinch Hitting: RHB Tommy Hawthorn 0-0: Ball
1-0: Foul Ball, location: 2F
1-1: Fielders Choice at 2nd, 5-4 (Groundball, 56, EV 91.2 MPH)
Top of the 4th over - 0 runs, 1 hit, 0 errors, 2 left on base; Chicago A (AZL) 0 - Cincinnati (AZL) 1
BOTTOM OF THE 4TH
Cincinnati (AZL) Reds batting - Pitching for Chicago A (AZL) White Sox : RHP Ben Clemons
Now in LF: Tommy Hawthorn
Batting: RHB Angelo Torres 0-0: Swinging Strike
0-1: Ball
1-1: Ground out 5-3 (Groundball, 56, EV 101.2 MPH)
Batting: LHB Oscar Rochez 0-0: Ball
1-0: Called Strike
1-1: Foul Ball, location: 2F
1-2: Foul Ball, location: 2F
1-2: Ball
2-2: Fly out, F8 (Line Drive, 8LD, EV 104.4 MPH)
Batting: RHB Kevin Roberts 0-0: Ball
1-0: Called Strike
1-1: Ball
2-1: Ground out 3-1 (Groundball, 34, EV 80.6 MPH)
Bottom of the 4th over - 0 runs, 0 hits, 0 errors, 0 left on base; Chicago A (AZL) 0 - Cincinnati (AZL) 1
TOP OF THE 5TH
Chicago A (AZL) White Sox batting - Pitching for Cincinnati (AZL) Reds : RHP Angel Diaz
Batting: RHB Joop Kruithof 0-0: Ground out 5-3 (Groundball, 5, EV 101.9 MPH)
Batting: RHB Alex Conchas 0-0: Ball
1-0: Ball
2-0: Hit by Pitch
Batting: LHB Nick Ball 0-0: Called Strike
0-1: Swinging Strike
0-2: Ball
1-2: Ball
2-2: SINGLE (Groundball, 34D, EV 106.9 MPH)
Alex Conchas to second
Runner from 2nd tries for 3rd, SAFE, throw by RF made to third
Batting: LHB Steve Murphy 0-0: Called Strike
0-1: Swinging Strike
0-2: Ball
1-2: Ball
2-2: Foul Ball, location: 2F
2-2: Fly out, F7 (Line Drive, 7LS, EV 95.0 MPH)
Batting: RHB Gil Wozniak 0-0: Foul Ball, location: 2F
0-1: Swinging Strike
0-2: Strikes out swinging
Top of the 5th over - 0 runs, 1 hit, 0 errors, 2 left on base; Chicago A (AZL) 0 - Cincinnati (AZL) 1
BOTTOM OF THE 5TH
Cincinnati (AZL) Reds batting - Pitching for Chicago A (AZL) White Sox : RHP Ben Clemons
Batting: RHB Bryan Greenlee 0-0: Ball
1-0: Ball
2-0: Called Strike
2-1: Swinging Strike
2-2: Foul Ball, location: 2F
2-2: DOUBLE (Line Drive, 78D, EV 100.6 MPH)
Batting: RHB Luis Granados 0-0: Swinging Strike
0-1: Called Strike
0-2: Strikes out looking
Batting: RHB Joe Giddens 0-0: Called Strike
0-1: Called Strike
0-2: Ball
1-2: Ball
2-2: Fly out, F8 (Flyball, 78D, EV 105.6 MPH)
Batting: RHB David Milanes 0-0: Called Strike
0-1: Swinging Strike
0-2: Strikes out swinging
Bottom of the 5th over - 0 runs, 1 hit, 0 errors, 1 left on base; Chicago A (AZL) 0 - Cincinnati (AZL) 1
TOP OF THE 6TH
Chicago A (AZL) White Sox batting - Pitching for Cincinnati (AZL) Reds : RHP Angel Diaz
Batting: LHB Mario Ortiz 0-0: Fly out, F8 (Flyball, 78M, EV 90.6 MPH)
Batting: RHB Brian Rutter 0-0: Foul Ball, location: 2F
0-1: Ball
1-1: SINGLE (Groundball, 6MD, EV 105.0 MPH)
Batting: LHB Jon Maldonado 0-0: Ball
1-0: Foul Ball, location: 2F
1-1: Foul Ball, location: 2F
1-2: Strikes out swinging
Batting: RHB Tommy Hawthorn 0-0: Foul Ball, location: 2F
0-1: Called Strike
0-2: Fly out, F9 (Flyball, 89S, EV 90.6 MPH)
Top of the 6th over - 0 runs, 1 hit, 0 errors, 1 left on base; Chicago A (AZL) 0 - Cincinnati (AZL) 1
BOTTOM OF THE 6TH
Cincinnati (AZL) Reds batting - Pitching for Chicago A (AZL) White Sox : RHP Ben Clemons
Batting: RHB Jesus Blanco 0-0: Called Strike
0-1: Ground out 6-3 (Groundball, 6, EV 108.8 MPH)
Batting: RHB Gerardo Herrera 0-0: Called Strike
0-1: Fly out, F6 (Popup, P, EV 82.5 MPH)
Batting: RHB Angelo Torres 0-0: Fly out, F8 (Flyball, 8LD, EV 92.5 MPH)
Bottom of the 6th over - 0 runs, 0 hits, 0 errors, 0 left on base; Chicago A (AZL) 0 - Cincinnati (AZL) 1
TOP OF THE 7TH
Chicago A (AZL) White Sox batting - Pitching for Cincinnati (AZL) Reds : RHP Angel Diaz
Pitching: LHP Danny Lozano
Batting: RHB Joop Kruithof 0-0: Ball
1-0: Called Strike
1-1: Swinging Strike
1-2: Strikes out swinging
Batting: RHB Alex Conchas 0-0: Ball
1-0: Ball
2-0: Swinging Strike
2-1: Swinging Strike
2-2: Foul Ball, location: 2F
2-2: Foul Ball, location: 2F
2-2: Ball
3-2: Strikes out swinging
Pinch Hitting: RHB Branden Young 0-0: Ball
1-0: Called Strike
1-1: Ball
2-1: Ball
3-1: Base on Balls
Pinch Hitting: RHB Sean Boehm 0-0: Ball
1-0: Called Strike
1-1: Ball
2-1: Called Strike
2-2: Foul Ball, location: 2F
2-2: Foul Ball, location: 2F
2-2: Foul Ball, location: 2F
2-2: Ball
3-2: Strikes out looking
Top of the 7th over - 0 runs, 0 hits, 0 errors, 1 left on base; Chicago A (AZL) 0 - Cincinnati (AZL) 1
BOTTOM OF THE 7TH
Cincinnati (AZL) Reds batting - Pitching for Chicago A (AZL) White Sox : RHP Ben Clemons
Now in CF: Matt Wesley
Now in RF: Branden Young
Batting: LHB Oscar Rochez 0-0: Ball
1-0: Ball
2-0: Called Strike
2-1: SOLO HOME RUN (Flyball, 7D, EV 98.8 MPH), Distance : 363 ft
Batting: RHB Kevin Roberts 0-0: TRIPLE (Flyball, 7D, EV 101.9 MPH)
Batting: RHB Bryan Greenlee 0-0: Intentional Walk
Batting: RHB Luis Granados 0-0: Ball
1-0: Ball
2-0: Called Strike
2-1: Foul Ball, location: 2F
2-2: Strikes out looking
Batting: RHB Joe Giddens 0-0: Ball
1-0: Foul Ball, location: 2F
1-1: Called Strike
1-2: SINGLE (Groundball, 4D, EV 99.4 MPH)
Kevin Roberts scores
Bryan Greenlee to second
Runner from 2nd tries for 3rd, OUT after rundown.
Batting: RHB David Milanes 0-0: Ball
1-0: Called Strike
1-1: Ball
2-1: Ball
3-1: Foul Ball, location: 2F
3-2: Base on Balls
Joe Giddens to second
Pitching: RHP Kyle Milliman
Batting: RHB Jesus Blanco 0-0: Ball
1-0: Called Strike
1-1: Foul Ball, location: 2F
1-2: Foul Ball, location: 2F
1-2: Ball
2-2: Ball
3-2: Foul Ball, location: 2F
3-2: Foul Ball, location: 2F
3-2: Foul Ball, location: 2F
3-2: Strikes out looking
Bottom of the 7th over - 2 runs, 3 hits, 0 errors, 2 left on base; Chicago A (AZL) 0 - Cincinnati (AZL) 3
TOP OF THE 8TH
Chicago A (AZL) White Sox batting - Pitching for Cincinnati (AZL) Reds : LHP Danny Lozano
Pitching: RHP George Conway
Batting: RHB Gil Wozniak 0-0: Foul Ball, location: 2F
0-1: Ball
1-1: Foul Ball, location: 2F
1-2: Ball
2-2: Strikes out swinging
Batting: LHB Mario Ortiz 0-0: Ball
1-0: Foul Ball, location: 2F
1-1: Called Strike
1-2: Ball
2-2: Strikes out swinging
Batting: RHB Brian Rutter 0-0: Ball
1-0: Swinging Strike
1-1: Ball
2-1: Foul Ball, location: 2F
2-2: Fly out, F7 (Flyball, 7LSF, EV 85.0 MPH)
Top of the 8th over - 0 runs, 0 hits, 0 errors, 0 left on base; Chicago A (AZL) 0 - Cincinnati (AZL) 3
BOTTOM OF THE 8TH
Cincinnati (AZL) Reds batting - Pitching for Chicago A (AZL) White Sox : RHP Kyle Milliman
Batting: RHB Gerardo Herrera 0-0: Ball
1-0: Ball
2-0: Ball
3-0: Called Strike
3-1: Swinging Strike
3-2: Strikes out swinging
Batting: RHB Angelo Torres 0-0: Called Strike
0-1: Ball
1-1: Ball
2-1: Ball
3-1: Called Strike
3-2: Ground out 5-3 (Groundball, 56S, EV 72.5 MPH)
Batting: LHB Oscar Rochez 0-0: Fly out, F9 (Flyball, 9, EV 85.0 MPH)
Bottom of the 8th over - 0 runs, 0 hits, 0 errors, 0 left on base; Chicago A (AZL) 0 - Cincinnati (AZL) 3
TOP OF THE 9TH
Chicago A (AZL) White Sox batting - Pitching for Cincinnati (AZL) Reds : RHP George Conway
Batting: LHB Jon Maldonado 0-0: Swinging Strike
0-1: Called Strike
0-2: Foul Ball, location: 2F
0-2: Ball
1-2: Ground out U3 (Groundball, 34, EV 101.9 MPH)
Pinch Hitting: LHB Gus Garcia 0-0: Called Strike
0-1: Ball
1-1: Ball
2-1: Ball
3-1: Base on Balls
Pinch Hitting: LHB Roy Miller
Pitching: LHP Julio Castillo 0-0: Foul Ball, location: 2F
0-1: Ball
1-1: Swinging Strike
1-2: Ball
2-2: Ball
3-2: Fly out, F4 (Line Drive, 34, EV 69.4 MPH)
Pitching: RHP Cody Buscaglia
Pinch Hitting: LHB Mike Dean 0-0: Called Strike
0-1: Ball
1-1: Foul Ball, location: 2F
1-2: Foul Ball, location: 2F
1-2: Ground out 6-3 (Groundball, 6M, EV 93.1 MPH)
Top of the 9th over - 0 runs, 0 hits, 0 errors, 1 left on base; Chicago A (AZL) 0 - Cincinnati (AZL) 3
Wednesday, July 27th , 2022 - OOTP Baseball 23.5 Build 73